cohdb
Replays
Latest Replays
All Replays
Popular Replays
Top Player Replays
Match Explorer
How It Works
Community
CoH3 Stats
Reddit
Sign in to upload your games and track your stats! →
Sign in with Steam
Match 37793114
Unlisted
Match 37793114
Overview
Messages
Build Orders
End
Royal Engineer Section
Construct Section Command Post
Infantry Section
Selects Heavy Armor Battlegroup
Dingo Light Scout Car
Infantry Section
Construct Platoon Command Post
Selects Engineer Detachments
Humber Armored Car
Royal Engineer Section
Turtleboy
Reakly
0
0
Comments
sign in to comment!
No comments posted yet!